 Dungeon Crawl Stone Soup version 0.29.0-11-gd7f09526c8 (webtiles) character file.

Game seed: 4085223890195999721

1670 RascalDebosk the Trooper (level 8, -7/70 HPs)
             Began as a Minotaur Monk on Sept 2, 2022.
             Was an Initiate of Yredelemnul.
             Mangled by Joseph
             ... wielding a +0 quarterstaff
              (30 damage)
             ... on level 7 of the Dungeon on Sept 3, 2022.
             The game lasted 01:02:44 (6611 turns).

RascalDebosk the Trooper (Minotaur Monk)            Turns: 6611, Time: 01:02:44

Health: -7/70      AC: 11    Str: 16    XL:     8   Next: 69%
Magic:  9/9        EV: 14    Int:  7    God:    Yredelemnul [......]
Gold:   155        SH:  0    Dex: 15    Spells: 7/7 levels left

rFire   + . .      SeeInvis .   a - +1 spear
rCold   . . .      Faith    .   (no shield)
rNeg    . . .      Spirit   .   g - +2 leather armour {rF+}
rPois   .          Reflect  .   w - +2 hat
rElec   .          Harm     .   k - +2 cloak {rCorr}
rCorr   +          Rampage  .   m - +0 pair of gloves
Will    +....                   (no boots)
Stlth   ++........              (no amulet)
HPRegen 0.21/turn               s - ring of willpower
MPRegen 0.11/turn               (no ring)

@: mighty
A: horns 2, retaliatory headbutt
a: Renounce Religion, Recall Undead Harvest


You were on level 7 of the Dungeon.
You worshipped Yredelemnul.
Yredelemnul was noncommittal.
You visited 2 branches of the dungeon, and saw 8 of its levels.

You collected 396 gold pieces.
You spent 241 gold pieces at shops.

Inventory:

Hand Weapons
 a - a +1 spear (weapon)
 v - the +8 hand axe of the Ecumenical Temple {vorpal, rF+}
   (You found it on level 3 of the Dungeon)

   It inflicts extra damage upon your enemies.
   rF:        It protects you from fire.
Missiles
 f - a boomerang
 j - 12 poisoned darts (quivered)
 q - 6 datura-tipped darts
Armour
 g - a +2 leather armour of fire resistance (worn)
 k - a +2 cloak of preservation (worn)
 m - a +0 pair of gloves (worn)
 w - a +2 hat (worn)
Jewellery
 s - a ring of willpower (left hand)
Scrolls
 e - a scroll of butterflies
 i - 4 scrolls of teleportation
 p - a scroll of poison
 y - a scroll of fear
 z - 2 scrolls of immolation
Potions
 b - a potion of brilliance
 c - a potion of ambrosia
 d - a potion of mutation {unknown}
 h - a potion of cancellation
 n - a potion of curing
 o - a potion of heal wounds
 r - a potion of haste
 t - a potion of attraction
 u - 3 potions of lignification


   Skills:
 + Level 5.8 Fighting
 + Level 5.8 Polearms
 + Level 3.4 Throwing
 - Level 4.0 Armour
 + Level 5.3 Dodging
 + Level 3.8 Stealth
 + Level 3.7 Invocations
 - Level 4.0 Evocations


You had 7 spell levels left.
You didn't know any spells.
Your spell library was empty.

Dungeon Overview and Level Annotations

Branches:
Dungeon (7/15)             Temple (1/1) D:6

Altars:
Ashenzari
Cheibriados
Dithmenos
Elyvilon
Fedhas
Gozag
Hepliaklqana
Kikubaaqudgha
Makhleb
Nemelex Xobeh
Okawaru
Qazlal
Ru
Sif Muna
Trog
Uskayaw
Vehumet
Wu Jian
Xom
Yredelemnul
Zin
The Shining One

Shops:
D:1 [   D:5 *(*(=

Annotations:
D:7 Joseph
Temple 2 transporters


Innate Abilities, Weirdness & Mutations

You have a pair of horns on your head.
You reflexively headbutt those who attack you in melee.


Message History

Joseph says, "I've waited for this moment for such a long time."
Joseph shoots a sling bullet.
The sling bullet hits you!
Reach: a) +1 spear
Press: ? - help, Dir - move target, f/p - Joseph
Aim: Joseph, wielding a +0 sling and wearing a +0 leather armour (lightly wounded, very poisoned, about 34% to evade your +1 spear)
You reach to attack!
You barely miss Joseph.
Joseph is lightly wounded.
Throw: 13 darts (poison)
Press: ? - help, Q - select action, (/) - cycle Shift-Dir - straight line, f/p - Joseph
Aim: Joseph, wielding a +0 sling and wearing a +0 leather armour (lightly wounded, very poisoned, 62% to hit)
You throw a poisoned dart.
The poisoned dart closely misses Joseph.
Reach: a) +1 spear
Press: ? - help, Dir - move target, f/p - Joseph
Aim: Joseph, wielding a +0 sling and wearing a +0 leather armour (lightly wounded, very poisoned, about 34% to evade your +1 spear)
You barely miss Joseph.
Joseph is lightly wounded.
Joseph drinks a potion.
Joseph seems to grow stronger.
You closely miss Joseph.
Joseph is lightly wounded.
Joseph unwields a +0 sling.
Joseph wields a +0 quarterstaff.
Joseph hits you with a +0 quarterstaff!
You hit Joseph.
Joseph is lightly wounded.
You closely miss Joseph.
Joseph is lightly wounded.
Joseph hits you but does no damage.
You barely miss Joseph.
Joseph is lightly wounded.
Joseph hits you with a +0 quarterstaff!
* * * LOW HITPOINT WARNING * * *
You feel much better. Joseph hits you with a +0 quarterstaff.
You feel very mighty all of a sudden.
Joseph says, "I'm here to kill trespassers.
I like my job."
Joseph hits you with a +0 quarterstaff!
You puncture Joseph!
Joseph is moderately wounded.
Joseph hits you with a +0 quarterstaff!!
You die...
Your body rises from the dead as a mindless zombie.

#.............#
#......#+##...#
#......#.# ...#
.##########......#.#
..#
.........#######.#.#
### ########.## #.#.#
#..######+#.#
#...........#
#@##........# ####
#@##........# #...
#.(.##........###...
.@..####..........#...
##### #........#.#...
#........#.'...
#........###...
#........# #...
#.####.#.# #...


You could see Joseph (strong, very poisoned).

Vanquished Creatures
  Eustachio (D:5)
  4 water moccasins
  An orc warrior (D:6)
  2 black bears
  2 ogres
  A scorpion (D:6)
  A howler monkey (D:6)
  A jelly (D:6)
  4 hounds
  An orc priest (D:6)
  2 orc wizards (D:6)
  4 iguanas
  9 adders
  2 shadow imps
  2 white imps
  2 ufetubi (D:5)
  A worm (D:2)
  3 dart slugs
  11 orcs
  7 ball pythons
  3 bats
  7 endoplasms
  A giant cockroach (D:3)
  6 goblins
  8 hobgoblins
  6 kobolds
  5 quokkas (D:1)
  6 frilled lizards
  7 rats
110 creatures vanquished.

Notes
Turn   | Place    | Note
-------+----------+-------------------------------------------
     0 | D:1      | RascalDebosk the Minotaur Monk began the quest for the Orb.
     0 | D:1      | Reached XP level 1. HP: 19/19 MP: 0/0
   143 | D:1      | Reached XP level 2. HP: 27/27 MP: 1/1
   264 | D:1      | Found Humadexa's Antique Armour Emporium.
   423 | D:1      | Reached skill level 1 in Evocations
   739 | D:1      | Reached XP level 3. HP: 21/33 MP: 2/2
  1278 | D:2      | Reached skill level 1 in Invocations
  1332 | D:2      | Found a faded altar of an unknown god.
  2224 | D:3      | Identified the +8 hand axe of the Ecumenical Temple
                  | {vorpal, rF+}
  2265 | D:3      | Reached XP level 4. HP: 40/40 MP: 3/3
  2277 | D:3      | Found a burning altar of Makhleb.
  2278 | D:3      | Noticed a green death
  2282 | D:3      | Noticed a hellwing
  2282 | D:3      | Noticed a hellwing
  2405 | D:3      | Found a sacrificial altar of Ru.
  2408 | D:3      | Found a stormy altar of Qazlal.
  2408 | D:3      | Found a shimmering altar of Xom.
  2410 | D:3      | Found a white marble altar of Elyvilon.
  2410 | D:3      | Found a shadowy altar of Dithmenos.
  2410 | D:3      | Found a blossoming altar of Fedhas.
  2619 | D:4      | Found a white marble altar of Elyvilon.
  2638 | D:4      | You fall into a shaft and drop 3 floors!
  2699 | D:6      | Noticed an ogre
  2700 | D:6      | Noticed a water moccasin
  2706 | D:6      | Killed a water moccasin
  2707 | D:6      | Reached skill level 1 in Throwing
  2707 | D:6      | Reached skill level 1 in Armour
  2707 | D:6      | Reached XP level 5. HP: 40/46 MP: 3/5
  2719 | D:5      | Entered Level 5 of the Dungeon
  2908 | D:5      | Found Ari Wios's Antique Weapon Shoppe.
  2914 | D:5      | Noticed a water moccasin
  2925 | D:5      | Killed a water moccasin
  2926 | D:5      | Reached XP level 6. HP: 16/52 MP: 6/6
  3234 | D:5      | Found a stormy altar of Qazlal.
  3749 | D:4      | Found a radiant altar of Vehumet.
  3966 | D:5      | Reached XP level 7. HP: 49/60 MP: 7/7
  4131 | D:5      | Found Oneh's General Store.
  4137 | D:5      | Bought a scroll of identify for 26 gold pieces
  4137 | D:5      | Bought a scroll of identify for 26 gold pieces
  4137 | D:5      | Bought a potion of curing for 39 gold pieces
  4233 | D:5      | Found Joheg's Jewellery Shoppe.
  4560 | D:5      | Found Ryeserar's Weapon Boutique.
  4581 | D:5      | Found Amozomn's Assorted Antiques.
  4584 | D:5      | Bought a scroll labelled LAHASI ZUIR for 30 gold pieces
  4584 | D:5      | Bought a scroll of identify for 60 gold pieces
  4584 | D:5      | Bought a scroll of identify for 60 gold pieces
  4765 | D:5      | Reached skill level 5 in Fighting
  5131 | D:5      | Found a sacrificial altar of Ru.
  5247 | D:5      | Noticed Eustachio
  5261 | D:5      | Killed Eustachio
  5262 | D:5      | Reached skill level 5 in Polearms
  5262 | D:5      | Reached XP level 8. HP: 62/68 MP: 7/9
  5435 | D:6      | Reached skill level 5 in Dodging
  5558 | D:6      | Identified the +8 whip of the Loving Sybil {venom, rF++
                  | Str-5 Int+3}
  5700 | D:6      | Found a staircase to the Ecumenical Temple.
  5716 | D:6      | Found a hazy altar of Hepliaklqana.
  5728 | D:6      | Found a bloodstained altar of Trog.
  6029 | D:6      | Found an ancient bone altar of Kikubaaqudgha.
  6363 | Temple   | Entered the Ecumenical Temple
  6363 | Temple   | Found a transporter.
  6363 | Temple   | Found a transporter.
  6365 | Temple   | Found a transporter.
  6365 | Temple   | Found a transporter.
  6382 | Temple   | Became a worshipper of Yredelemnul the Dark
  6382 | Temple   | Reached * piety under Yredelemnul
  6382 | Temple   | Reached ** piety under Yredelemnul
  6595 | D:7      | Noticed Joseph
  6611 | D:7      | Mangled by Joseph

Illustrated notes

Levels and vault maps discovered:
D:1:      dpeg_arrival_boxorama, layout_basic, serial_shops, shop,
          minmay_misc_feat_x
D:2:      layout_basic, hellmonk_ecumenical_altar_crossroads,
          kennysheep_generic_room_16
D:3:      layout_rooms, doesnt_xom_only_xom, makhleb_altar_promises_db,
          kennysheep_generic_room_11
D:4:      layout_cave_pools, mainiacjoe_overflow_catwalk, lemuel_doored_altar
D:5:      layout_basic, grunt_qazlal_clouds, nicolae_ru_path_of_blood,
          serial_shops, shop, shop, kennysheep_little_box, shop,
          nicolae_shop_behind_doors, corexii_corridor_pit,
          minmay_misc_feat_tower, nicolae_fountain_basement, uniq_eustachio
D:6:      layout_basic, trog_book, chequers_temple_overflow_statue_of_worship,
          temple_pool_b, lemuel_old_faithful
D:7:      layout_basic, mrwooster_statue_mirror, minmay_guarded_unrand_finisher,
          uniq_joseph
Temple:   hellmonk_temple_divided_pantheon

Skill      XL: |  1  2  3  4  5  6  7  8 |
---------------+-------------------------+-----
Evocations     | 1 2 3 4 |  4.0
Invocations    | 1 2 3 |  3.7
Stealth        | 2 3 |  3.8
Fighting       | 4 5 |  5.8
Polearms       | 4 5 |  5.8
Throwing       | 1 2 3 |  3.4
Armour         | 1 2 3 4 |  4.0
Dodging        | 4 5 |  5.3

Action                   |  1- 3 |  4- 6 |  7- 9 || total
-------------------------+-------+-------+-------++-------
Melee: Spear             |    98 |       |    17 ||   115
       Headbutt          |    14 |     4 |    10 ||    28
       Punch             |     1 |     1 |       ||     2
       Hand axe          |     8 |    62 |    68 ||   138
Throw: Dart              |     3 |    22 |    30 ||    55
Invok: Recall Undead Har |       |       |     1 ||     1
  Use: Scroll            |       |    10 |     8 ||    18
       Potion            |       |       |     3 ||     3
 Stab: Sleeping          |     4 |       |     1 ||     5
Armor: Robe              |     3 |       |       ||     3
       Leather armour    |    20 |    20 |    26 ||    66
Dodge: Dodged            |    57 |    51 |    72 ||   180
